Map: Orbital Shipyard

Players

LilDicky - Winner!

  • Race: Terran Terran
  • League: Diamond

drydius

  • Race: Zerg Zerg
  • League: Platinum

VOD

http://www.twitch.tv/tumescentpie

Description

Time

  • Played on: Nov. 29, 2015, 2:58 p.m.
  • Length: 25:24
Show
View Real Time Build Order
Export as new Build Order

LilDicky Terran - Winner!

Build Orders: Liberator Opening 

Get SALT Encoding   

  12  0:04  SCV  
  13  0:16  SCV  
  13  0:20  Supply Depot  
  14  0:29  SCV  
  15  0:42  SCV  
  16  0:44  Refinery  
  16  0:45  Barracks  
  16  0:54  SCV  
  17  1:06  SCV  
  18  1:18  SCV  
  19  1:30  SCV  
  20  1:34  Reaper  
  21  1:41  Command Center  
  21  1:45  Orbital Command  
  21  1:52  Refinery  
  21  2:00  Supply Depot  
  21  2:06  Marine  
  22  2:11  SCV  
  23  2:24  Factory  
  23  2:25  Barracks Tech Lab  
  23  2:31  SCV  
  24  2:49  Marine  
  25  2:54  Orbital Command  
  25  2:56  SCV  
  26  3:08  SCV  
  26  3:12  Starport  
  27  3:20  Barracks Reactor, SCV  
  27  3:28  Siege Tank  
  27  3:29  SCV  
  27  3:31  Liberator  
  31  3:40  SCV  
  32  3:46  SCV  
  32  3:47  Command Center  
  33  3:54  SCV  
  33  3:55  Supply Depot  
  37  4:13  Siege Tank  
  39  4:22  Marine x2  
  39  4:24  SCV  
  41  4:27  SCV, Supply Depot  
  42  4:34  Command Center  
  42  4:40  SCV  
  43  4:55  Liberator  
  43  4:56  SCV  
  43  4:57  SCV  
  45  5:03  Supply Depot  
  45  5:06  Siege Tank  
  45  5:07  Liberator, Marine  
  48  5:09  SCV x2  
  54  5:17  Refinery  
  54  5:18  Refinery  
  54  5:22  Barracks  
  54  5:25  Orbital Command  
  54  5:28  Supply Depot, SCV  
  57  5:29  SCV, Barracks  
  57  5:30  Barracks  
  57  5:31  Marine  
  60  5:40  SCV  
  61  5:45  SCV  
  61  5:48  Orbital Command  
  61  5:49  Marine  
  63  5:53  SCV  
  64  5:57  SCV  
  64  5:58  Supply Depot  
  64  6:00  Liberator  
  64  6:02  Engineering Bay  
  65  6:08  Orbital Command  
  65  6:10  Orbital Command  
  65  6:14  Orbital Command  
  65  6:17  Medivac  
  70  6:19  Barracks Tech Lab x2  
  70  6:20  Barracks Reactor x2  
  70  6:41  SCV x3  
  73  6:48  Orbital Command  
  73  6:51  Refinery x2  
  73  6:52  Siege Tank  
  76  7:10  Missile Turret x3  
  76  7:12  Missile Turret  
  76  7:13  Missile Turret  
  76  7:14  Missile Turret  
  76  7:20  SCV  
  76  7:22  Missile Turret  
  77  7:23  Missile Turret  
  77  7:24  SCV x2, Missile Turret x2  
  77  7:28  SCV  
  80  7:33  SCV, Missile Turret  
  80  7:36  SCV, Marine x3  
  87  7:37  Marauder x2  
  87  7:39  Combat Shields  
  87  7:40  Stimpack  
  89  7:47  Terran Infantry Weapons Level 1  
  89  7:48  Engineering Bay  
  89  7:49  Engineering Bay  
  89  7:53  Armory, SCV  
  89  7:54  Supply Depot  
  89  7:55  SCV x3  
  93  8:05  SCV  
  93  8:07  SCV x3  
  93  8:11  Liberator x2  
  93  8:12  Command Center  
  97  8:17  Terran Infantry Armor Level 1  
  97  8:18  SCV  
  97  8:19  SCV x2  
  101  8:20  SCV, Hi-Sec Auto Tracking  
  101  8:26  Marine x5  
  101  8:27  Supply Depot, Marine  
  105  8:30  SCV  
  105  8:32  SCV x2  
  116  8:37  Supply Depot  
  116  8:41  Supply Depot  
  116  8:42  Supply Depot  
  116  8:43  Marine x2  
  116  8:45  SCV x2  
  116  8:47  Marine  
  116  8:48  Marine  
  122  8:50  Supply Depot  
  122  8:52  SCV  
  122  8:54  SCV  
  124  8:57  SCV  
  125  9:04  Command Center, Missile Turret  
  125  9:08  SCV x3  
  125  9:09  SCV  
  129  9:20  SCV  
  129  9:21  Marine x2  
  129  9:22  Marauder x2  
  136  9:41  Building Armor  
  136  9:48  Supply Depot  
  136  9:50  Marine x5  
  136  9:51  Refinery, Marauder  
  136  9:52  Refinery  
  143  9:58  Siege Tank  
  146  10:08  Marine x3  
  146  10:09  Marauder  
  146  10:12  Marauder  
  153  10:18  Barracks  
  153  10:19  Barracks  
  153  10:20  Barracks x2  
  153  10:21  Barracks, Orbital Command  
  153  10:22  Barracks  
  153  10:23  Supply Depot  
  145  10:30  Marauder  
  143  10:37  Marine x2  
  143  10:38  Marauder  
  143  10:39  Planetary Fortress  
  143  10:42  Missile Turret x2  
  147  10:45  Missile Turret x2  
  147  10:49  Command Center, Marine  
  146  10:50  Marine  
  146  10:52  Command Center  
  146  11:09  Terran Infantry Weapons Level 2, Terran Infantry Armor Level 2  
  146  11:10  Barracks Tech Lab x2  
  143  11:11  Barracks Reactor  
  143  11:14  Barracks Tech Lab x3  
  143  11:18  Liberator x2  
  136  11:39  Marine x3  
  147  11:40  Marauder  
  147  11:44  Supply Depot  
  147  11:46  Supply Depot  
  147  11:51  Starport, Marine  
  147  11:52  Starport, Concussive Shells, Marauder  
  147  11:53  Marauder x2  
  154  12:12  Missile Turret  
  132  12:18  Marine x2  
  132  12:19  Marauder x2  
  132  12:20  Refinery, Marine  
  132  12:21  Marauder  
  130  12:24  Refinery  
  127  12:41  Planetary Fortress  
  127  12:42  Missile Turret  
  127  12:43  Planetary Fortress  
  127  12:44  Missile Turret  
  127  12:49  Command Center  
  127  12:50  Command Center  
  127  12:52  Command Center  
  127  12:53  Command Center  
  127  12:54  Command Center  
  127  12:56  Marine x2  
  127  12:57  Marauder x2  
  133  12:58  Siege Tank  
  133  13:05  Command Center  
  136  13:10  Command Center  
  118  13:37  Marine x9  
  118  13:38  Siege Tank, Marauder x2  
  134  13:48  Liberator x2  
  134  13:49  Factory, Starport Tech Lab, Starport Reactor  
  134  13:54  Fusion Core  
  124  13:56  Factory  
  124  14:02  Marine  
  118  14:03  Marine x8  
  118  14:08  Orbital Command  
  118  14:09  Orbital Command  
  132  14:10  Factory x2, Siege Tank  
  132  14:11  Factory x2  
  132  14:12  Orbital Command  
  132  14:14  Planetary Fortress  
  135  14:19  Planetary Fortress  
  135  14:22  Missile Turret  
  135  14:26  Planetary Fortress  
  135  14:27  Missile Turret  
  135  14:41  Liberator x3  
  135  14:47  Refinery x2  
  135  14:50  Supply Depot  
  135  14:51  Marine x2  
  135  14:52  Marine x5  
  144  14:53  Terran Infantry Weapons Level 3, Terran Infantry Armor Level 3, Marauder  
  144  14:55  Advanced Ballistics  
  144  14:56  Banshee  
  144  14:59  Command Center  
  148  15:21  Command Center  
  148  15:36  Liberator x4  
  148  15:39  Missile Turret  
  148  15:41  Marine  
  148  15:42  Marine x2  
  153  15:43  Marauder  
  143  15:53  Raven  
  147  16:18  Liberator  
  116  17:15  Planetary Fortress  
  116  17:18  Missile Turret  
  116  17:29  Orbital Command  
  116  17:51  Missile Turret  
  116  17:52  Missile Turret x2  
  116  17:54  Missile Turret  
  116  18:11  Missile Turret  
  116  18:16  Liberator  
  116  18:17  Liberator x4  
  116  18:20  Missile Turret  
  116  18:25  Planetary Fortress  
  116  18:37  Marine x8  
  116  18:38  Marauder x2  
  116  18:39  Factory Tech Lab, Marauder  
  116  18:50  Marine x2  
  116  18:53  Factory Tech Lab  
  116  18:54  Marine  
  116  18:56  Terran Vehicle And Ship Armor Level 1, Marauder x2  
  116  18:59  Armory  
  116  19:00  Marauder  
  116  19:01  Factory Tech Lab  
  116  19:02  Factory Tech Lab x2  
  116  19:17  Raven  
  116  19:49  Terran Vehicle Weapons Level 1  
  116  19:50  Liberator x4  
  116  19:51  Armory  
  116  19:55  Hellion x2, Siege Tank x3  
  116  19:56  Siege Tank  
  116  19:57  Infernal Pre-Igniter  
  116  20:05  Missile Turret  
  116  20:11  Corvid Reactor  
  116  20:13  Banshee  
  116  20:44  Marine x9  
  116  20:45  Marine x3  
  116  20:47  SCV  
  116  20:49  Behemoth Reactor  
  116  20:53  Drilling Claws  
  116  20:55  Mag-Field Accelerator  
  116  21:12  Liberator x2  
  116  21:13  Liberator  
  116  21:17  Banshee  
  116  21:29  Cloaking Field  
  116  21:31  Thor x3  
  116  21:41  Ghost Academy  
  116  21:42  Ghost Academy  
  116  21:45  Weapon Refit  
  116  21:49  Refinery  
  116  21:50  Refinery  
  116  22:10  SCV  
  116  22:12  Terran Vehicle Weapons Level 2, Terran Ship Weapons Level 1, Terran Vehicle And Ship Armor Level 2  
  116  22:16  Personal Cloaking  
  116  22:18  Nuke  
  116  22:23  Ghost  
  116  22:33  Ghost Academy  
  116  22:40  Ghost Academy  
  116  22:42  Ghost Academy  
  116  22:48  Ghost Academy  
  116  22:50  Ghost Academy  
  116  22:52  Ghost Academy  
  116  22:54  Ghost Academy  
  116  23:23  Ghost x7  
  116  23:33  Nuke  
  116  23:34  Nuke  
  116  23:42  Nuke  
  116  23:44  Refinery  
  116  23:46  Refinery  
  116  23:51  Ghost x2  
  116  23:58  Ghost  
  116  23:59  Ghost x2  
  116  24:01  Ghost  
  116  24:11  Refinery  
  116  24:15  Refinery  
  116  24:22  Missile Turret  
Show
View Real Time Build Order
Export as new Build Order

drydius Zerg 

Build Orders: Pool First, Lurkers, Zergling Baneling 

Get SALT Encoding   

  12  0:01  Drone  
  13  0:12  Overlord  
  13  0:18  Drone  
  14  0:31  Drone x2  
  14  0:34  Drone  
  17  0:46  Spawning Pool  
  17  0:48  Extractor  
  15  0:50  Drone  
  15  0:56  Drone  
  17  1:15  Hatchery  
  16  1:22  Drone  
  16  1:23  Drone  
  18  1:30  Overlord  
  18  1:40  Queen  
  18  1:44  Zergling x2  
  21  1:49  Zergling x2  
  22  2:03  Metabolic Boost  
  22  2:06  Zergling x2  
  23  2:11  Zergling x2  
  24  2:26  Zergling x2  
  24  2:29  Queen  
  27  2:30  Overlord  
  27  2:38  Zergling x2  
  27  2:40  Zergling x2  
  28  2:48  Zergling x4  
  30  2:51  Drone x3  
  33  2:58  Zergling x2  
  33  3:01  Drone  
  35  3:05  Drone  
  35  3:10  Baneling Nest  
  35  3:17  Drone x2  
  37  3:21  Drone  
  38  3:31  Drone  
  38  3:34  Drone  
  40  3:41  Drone x4  
  40  3:46  Extractor  
  40  3:48  Extractor  
  42  3:55  Baneling x7  
  42  3:56  Baneling x2  
  42  3:57  Baneling  
  42  4:00  Drone x2  
  42  4:01  Overlord x2  
  40  4:20  Zergling x10  
  40  4:21  Zergling x4  
  43  4:29  Drone  
  43  4:30  Drone  
  45  4:38  Hatchery  
  45  4:41  Spore Crawler  
  45  4:44  Drone x4  
  45  4:45  Spore Crawler  
  46  4:58  Lair  
  46  5:03  Extractor  
  46  5:06  Drone  
  47  5:07  Drone x6  
  52  5:16  Overlord x2  
  52  5:32  Spore Crawler  
  52  5:34  Drone  
  52  5:35  Drone x4  
  56  5:44  Roach Warren  
  56  5:45  Evolution Chamber  
  56  5:46  Evolution Chamber  
  56  5:47  Drone x4  
  57  5:53  Queen  
  59  5:59  Drone x3  
  62  6:04  Drone  
  62  6:05  Drone x2  
  62  6:08  Drone  
  62  6:09  Extractor  
  65  6:13  Drone x3  
  65  6:14  Extractor  
  67  6:20  Zerg Missile Weapons Level 1  
  67  6:22  Zerg Ground Armor Level 1  
  67  6:24  Glial Reconstitution  
  67  6:30  Overlord  
  67  6:32  Overlord  
  67  6:36  Roach x2  
  71  6:40  Drone  
  71  6:41  Drone x2  
  71  6:45  Overlord x2  
  74  6:56  Drone x5  
  74  6:57  Drone x2  
  81  7:02  Drone  
  81  7:03  Drone x2  
  84  7:09  Roach x4  
  84  7:10  Roach x2  
  84  7:12  Ravager  
  84  7:13  Ravager  
  98  7:22  Spore Crawler  
  97  7:25  Overlord x2  
  97  7:26  Overlord, Spore Crawler  
  96  7:35  Spore Crawler  
  95  7:37  Roach  
  95  7:43  Ravager  
  95  7:44  Ravager x5  
  102  7:46  Roach x3  
  102  7:47  Roach x6  
  121  8:09  Overlord x5  
  121  8:28  Hydralisk Den, Zerg Missile Weapons Level 2  
  121  8:29  Zerg Ground Armor Level 2  
  120  8:37  Overlord x2  
  120  8:39  Roach x8  
  120  8:40  Roach x2  
  140  9:05  Muscular Augments  
  140  9:06  Hydralisk  
  140  9:07  Hydralisk x7  
  140  9:08  Hatchery, Hydralisk x2  
  159  9:15  Centrifical Hooks  
  152  9:33  Roach  
  152  9:34  Roach x7  
  152  9:35  Roach x2  
  171  9:42  Hydralisk x3  
  177  9:49  Overlord x2  
  177  9:50  Overlord  
  177  10:01  Overseer x2  
  177  10:07  Drone  
  177  10:09  Hydralisk x5  
  177  10:10  Hydralisk x2  
  139  10:38  Lurker Den  
  139  10:39  Roach x2  
  139  10:40  Roach x8  
  139  10:41  Roach x4  
  167  10:46  Drone x2  
  157  11:12  Roach x2  
  157  11:13  Roach x8  
  158  11:28  Hydralisk x8  
  174  11:35  Ravager x2  
  174  11:36  Ravager x7  
  183  11:41  Drone x4  
  183  11:43  Extractor  
  183  11:46  Extractor  
  94  12:29  Roach x7  
  96  12:30  Roach x7  
  96  12:31  Roach x4  
  114  12:38  Drone x3, Spire  
  114  12:40  Drone  
  116  13:11  Infestation Pit  
  110  13:17  Hydralisk  
  110  13:18  Hydralisk x8  
  110  13:19  Hydralisk x7  
  124  13:36  Roach x4  
  124  13:37  Roach x6  
  119  13:56  Hydralisk x5  
  119  13:57  Hydralisk x3  
  131  14:05  Lurker x4  
  135  14:23  Extractor  
  135  14:24  Hatchery  
  133  14:27  Queen  
  135  14:31  Lurker  
  135  14:32  Lurker x3  
  139  14:40  Hive  
  131  15:22  Hydralisk x8  
  131  15:23  Hydralisk x6  
  159  15:36  Roach x7  
  170  15:50  Roach x2  
  170  15:51  Roach x8  
  170  15:52  Roach x2  
  179  16:07  Roach x2  
  179  16:08  Roach x5  
  187  16:14  Zergling x12  
Tags
 
Add a new tag
Caveats
  • Supply blocks, unpowered buildings, or Contaminate may cause inaccurate times.
  • Supply counts are checked every 10 seconds.